 Dungeon Crawl Stone Soup version 0.32-a0-468-g38b2580584 (webtiles) character file.

Game seed: 3083768720827545308

739 anacleto the Changeling (level 7, -7/66 HPs)
             Began as a Troll Shapeshifter on Feb 24, 2024.
             Splashed by a jelly's acid (11 damage)
             ... on level 5 of the Dungeon.
             The game lasted 00:08:15 (3301 turns).

anacleto the Changeling (Troll Shapeshifter)        Turns: 3301, Time: 00:08:16

Health: -7/66      AC: -8    Str: 25    XL:     7   Next: 46%
Magic:  6/6        EV: 10    Int:  6    God:
Gold:   55         SH:  0    Dex:  9    Spells: 6/6 levels left

rFire   . .          .
                       - Unarmed
rCold   . . .        (no shield)
rNeg    . . .        a - +0 animal skin
rPois   .            (helmet currently unavailable)
rElec   .            (cloak currently unavailable)
rCorr   .            (gloves unavailable)
SInv    .            (boots unavailable)
Will    .....        (no amulet)
Stlth   +            (no ring)
HPRegen 1.11/turn    (no ring)
MPRegen 0.10/turn

%: no passive effects
@: confused, beast-form, corroded
A: beast (slay +3), large, unfitting armour, claws 3, regeneration 1, shaggy fur
1, tough skin 1
a: Begin Untransformation


You were on level 5 of the Dungeon.
You were a hulking beast.
You visited 1 branch of the dungeon, and saw 5 of its levels.

You collected 290 gold pieces.
You spent 235 gold pieces at shops.

Inventory:

Missiles
 s - 2 boomerangs (quivered)
 t - 6 poisoned darts
Armour
 a - a +0 animal skin (worn)
 r - a scarf of harm
Jewellery
 q - a ring of positive energy
 v - an amulet of guardian spirit
Talismans
 c - a beast talisman (active)
 d - a flux talisman
Wands
 m - a wand of flame (15)
Scrolls
 e - 2 scrolls of fog
 g - a scroll of enchant weapon {unknown}
 h - 3 scrolls of noise
 i - 2 scrolls of brand weapon
 j - a scroll of amnesia
 k - a scroll of fear
 o - 3 scrolls of teleportation
 w - a scroll of poison
 x - a scroll of revelation
 y - a scroll of immolation
 z - a scroll of butterflies
 A - a scroll of acquirement {unknown}
Potions
 b - 5 potions of lignification
 f - a potion of brilliance {unknown}
 l - a potion of magic {unknown}
 n - 3 potions of haste {unknown}
 p - a potion of curing {unknown}
 u - a potion of heal wounds {unknown}


   Skills:
 + Level 2.9 Fighting
 + Level 1.7 Throwing
 + Level 3.2 Dodging
 + Level 4.7 Unarmed Combat
 * Level 5.4 Shapeshifting


You had 6 spell levels left.
You didn't know any spells.
Your spell library contained the following spells:

 Spells                   Type           Power      Damage    Failure   Level
 Magic Dart               Conj           0%         1d3       45%         1
 Blink                    Tloc           0%         N/A       58%         2
 Call Imp                 Summ           0%         N/A       58%         2
 Ensorcelled Hibernation  Hex/Ice        0%         N/A       58%         2
 Passwall                 Erth           0%         N/A       83%         3
 Swiftness                Air            0%         N/A       83%         3


Dungeon Overview and Level Annotations

Branches:
Dungeon (5/15)
 Temple: D:4-7

Altars:
Cheibriados
Xom

Shops:
D:5 ?


Innate Abilities, Weirdness & Mutations

You are a hulking beast.
Your limbs bulge with bestial killing power. (Slay +3)
You are too large for most types of armour.
You have claws for hands.
Your natural rate of healing is unusually fast.
You are covered in fur. (AC +1)
You have tough skin. (AC +1)


Message History

The orc hits you with a +0 club.
You mangle the orc!!
You kill the orc!
You claw something!
You hear some strange, mumbled words.
You are confused.
You bump into the rock wall.
The quokka bites you. Something hits you but does no damage.
The quokka bites you. Something hits you but does no damage.
The quokka bites you.
You see here a +0 dagger.
You completely miss something.
You hear some strange, mumbled words.
You are more confused.
The quokka barely misses you.
You mangle the quokka!!
You kill the quokka!
You hear some strange, mumbled words.
A puff of flame appears from out of thin air!
The puff of flame hits you!
You barely miss the jelly. Something hits you but does no damage.
The jelly hits you. The acid corrodes you!
You are splashed with acid!
You completely miss something.
You hear some strange, mumbled words.
A puff of flame appears from out of thin air!
The puff of flame hits you! The jelly hits you. The acid corrodes you!
You are splashed with acid!
You bump into the rock wall.
Something hits you. The jelly closely misses you.
You scratch something but do no damage. Something hits you. The jelly hits you.
You are splashed with acid!
* * * LOW HITPOINT WARNING * * *
You're too confused to move!
You hear some strange, mumbled words.
A puff of flame appears from out of thin air!
The puff of flame hits you!
* * * LOW HITPOINT WARNING * * *
The jelly hits you.
* * * LOW HITPOINT WARNING * * *
The acid corrodes you!
You are splashed with acid!
You die...

...........#.. ## ..............
# .............. #############
............#####...........#####
.........####⌠...................
.......### #....................
......## #.....#########......
......# ##..###...... ####...
####... #..h{)...!.. ###. # #...
#...J†..?⌠!. #. ###......(.. #.
####...... ## ###### # # #


You could see a jelly.

Vanquished Creatures
  A black bear (D:5)
  An ogre (D:4)
  A centaur (D:5)
  A phantom (D:5)
  A bullfrog (D:5)
  A howler monkey (D:3)
  A bombardier beetle (D:5)
  A jelly (D:5)
  2 iguanas
  An orc wizard (D:4)
  6 adders
  An ufetubus (D:5)
  3 dart slugs
  A ribbon worm (D:3)
  9 orcs
  A bat (D:1)
  8 endoplasms
  6 giant cockroaches
  11 goblins
  10 hobgoblins
  5 quokkas
  5 ball pythons
  12 frilled lizards
  11 kobolds
  14 rats
114 creatures vanquished.

Notes
Turn   | Place    | Note
-------+----------+-------------------------------------------
     0 | D:1      | anacleto the Troll Shapeshifter began the quest for the
                  | Orb.
     0 | D:1      | Reached XP level 1. HP: 18/18 MP: 0/0
   165 | D:1      | Reached skill level 1 in Fighting
   166 | D:1      | Reached XP level 2. HP: 27/27 MP: 1/1
   770 | D:2      | Reached XP level 3. HP: 33/33 MP: 2/2
  1126 | D:2      | Reached XP level 4. HP: 38/41 MP: 3/3
  1808 | D:4      | Reached skill level 4 in Shapeshifting
  1883 | D:4      | Noticed an ogre
  2060 | D:3      | Reached XP level 5. HP: 41/49 MP: 4/4
  2283 | D:4      | Killed an ogre
  2320 | D:4      | Reached XP level 6. HP: 48/57 MP: 5/5
  2615 | D:4      | Found a snail-covered altar of Cheibriados.
  2615 | D:4      | Found a shimmering altar of Xom.
  2758 | D:5      | Entered Level 5 of the Dungeon
  2859 | D:5      | Reached skill level 1 in Throwing
  2859 | D:5      | Reached skill level 5 in Shapeshifting
  2861 | D:5      | Reached XP level 7. HP: 61/66 MP: 6/6
  2931 | D:5      | Found Nuesmu's Magic Scroll Shoppe.
  2934 | D:5      | Bought a scroll of identify for 20 gold pieces
  2934 | D:5      | Bought a scroll of identify for 20 gold pieces
  2934 | D:5      | Bought a scroll of revelation for 75 gold pieces
  2934 | D:5      | Bought a scroll of immolation for 40 gold pieces
  2934 | D:5      | Bought a scroll of butterflies for 40 gold pieces
  2934 | D:5      | Bought a scroll of fog for 40 gold pieces
  3301 | D:5      | Splashed by a jelly's acid

Illustrated notes

Levels and vault maps discovered:
D:1:      ncdulo_wetmaze, layout_loops_ring,
          hangedman_abyss_or_decor_lesser_grid, kennysheep_crisscross,
          minmay_lizard_pond
D:2:      layout_rooms, minmay_goblin_outpost
D:3:      layout_basic
D:4:      layout_basic, nicolae_overflow_hidden_temple, bh_walls_and_bars
D:5:      kennysheep_spiral_hall, layout_rooms, serial_shops,
          nicolae_shop_real_fake_doors

Skill      XL: |  1  2  3  4  5  6 |
---------------+-------------------+-----
Fighting       | 1 2 |  2.9
Dodging        | 2 3 |  3.2
Shapeshifting  | 4 5 |  5.4
Unarmed Combat | 4 |  4.7
Throwing       | 1 |  1.7

Action                     |  1- 3 |  4- 6 |  7- 9 || total
---------------------------+-------+-------+-------++-------
  Melee: Unarmed           |   101 |   120 |    32 ||   253
         Punch             |     1 |     3 |       ||     4
  Evoke: Wand              |       |     4 |       ||     4
    Use: Scroll            |       |       |     6 ||     6
   Stab: Sleeping          |       |     1 |       ||     1
 Armour: Animal skin       |    64 |    76 |    43 ||   183
  Dodge: Dodged            |    44 |    54 |    19 ||   117

Table legend: (Time is in decaauts)
 A = Elapsed time spent in this place.
 B = Non-inter-level travel time spent in this place.
 C = Inter-level travel time spent in this place.
 D = Time resting spent in this place.
 E = Time spent auto-exploring this place.
 F = Levels seen in this place.
 G = Mean time per level.
                   A        B        C        D        E       F      G
               +--------+--------+--------+--------+--------+-----+--------+
         Total |   3284 |   3064 |    220 |    283 |   2000 |   5 |  656.8 |
       Dungeon |   3284 |   3064 |    220 |    283 |   2000 |   5 |  656.8 |
               +--------+--------+--------+--------+--------+-----+--------+

Top non-repeatable levels by time:
     D:4: 839 daAuts
     D:1: 730 daAuts
     D:3: 710 daAuts
     D:5: 539 daAuts
     D:2: 464 daAuts
